AoeStats
← Gigaz

Arabia

509471306Analyzed
1v1 RM · 7d ago on Sep 26, 2026· 25m 29s· 2 players
Game mode
Random Map
Map size
Tiny (2 player)
Population
200
Speed
Normal
Resources
Standard
Victory
Conquest
Starting age
Dark Age
Ending age
Imperial Age
RankedLock teamsTeams togetherTeam positionsShared explorationLock speedFull tech treeHidden civsTurbo modeCheats
Victory
Defeat
🇩🇪 Saxons · Germany
1299
+16
🇷🇺 Varangians · Russia
1293
-16
nemik
5:06 Loom
8:04 Loom
10:27 Feudal Age
9:21 Loom
15:42 Castle Age
17:57 Scale Barding Armor
18:02 Forging
21:01 Double-Bit Axe
Gigaz
6:32 Loom
9:19 Feudal Age
9:47 Man-at-Arms
14:10 Double-Bit Axe
20:35 Castle Age
19:09 Gold Mining
19:07 Horse Collar
20:37 Crossbowman
21:41 Fletching
22:17 Bodkin Arrow
23:32 Padded Archer Armor
Connection lost

Rejoining the realm…

Still unreachable

The connection could not be restored.

Session expired

The server has moved on; the page needs a fresh start.